 Dungeon Crawl Stone Soup version 0.31.0-32-g396128a36d (webtiles) character file.

Game seed: 13770900658107781240

740 Logoto the Chopper (level 7, -1/91 HPs)
             Began as a Hill Orc Fighter on Mar 18, 2024.
             Slain by a gnoll bouda
             ... wielding a +1 whip of electrocution
              (9 damage)
             ... on level 5 of the Dungeon.
             The game lasted 00:10:23 (3980 turns).

Logoto the Chopper (Hill Orc Fighter)               Turns: 3980, Time: 00:10:24

Health: -1/91      AC: 10    Str: 27    XL:     7   Next: 75%
Magic:  7/7        EV: 11    Int:  8    God:
Gold:   283        SH:  5    Dex: 12    Spells: 6/6 levels left

rFire   + + .        a - +0 war axe
rCold   . . .        c - +0 buckler
rNeg    . . .        B - +2 leather armour "Kuigya Royha" {rF+ Dex+2}
rPois   .            q - +2 helmet
rElec   .            (no cloak)
rCorr   .            (no gloves)
SInv    .            r - +0 pair of boots
Will    .....        (no amulet) Stlth
                     i - +6 ring of strength
HPRegen 0.35/turn    m - ring of protection from fire
MPRegen 0.10/turn

%: no passive effects
@: berserking, very quick
A: no striking features
a: no special abilities


You were on level 5 of the Dungeon.
You visited 1 branch of the dungeon, and saw 5 of its levels.

You collected 283 gold pieces.

Inventory:

Hand Weapons
 a - a +0 war axe (weapon)
 w - a +0 flail of holy wrath
Missiles
 e - 4 darts of dispersal
 h - 13 poisoned darts (quivered)
 k - 26 stones
Armour
 b - a +0 scale mail
 c - a +0 buckler (worn)
 q - a +2 helmet (worn)
 r - a +0 pair of boots (worn)
 B - the +2 leather armour "Kuigya Royha" (worn) {rF+ Dex+2}
   (You found it on level 5 of the Dungeon)

   Dex+2:     It affects your dexterity (+2).
   rF+:       It protects you from fire.
Jewellery
 i - a +6 ring of strength (left hand)
 m - a ring of protection from fire (right hand)
Wands
 d - a wand of flame (13)
Scrolls
 f - 2 scrolls of vulnerability
 g - a scroll of fog {unknown}
 l - a scroll of poison {unknown}
 n - a scroll of enchant armour
 o - a scroll of amnesia {unknown}
 s - a scroll of fear {unknown}
 u - a scroll of enchant weapon {unknown}
 v - a scroll of blinking {unknown}
 x - a scroll of brand weapon {unknown}
 y - a scroll of immolation {unknown}
 z - a scroll of torment {unknown}
 A - 2 scrolls of identify {unknown}
Potions
 j - a potion of attraction
 p - a potion of curing {unknown}


   Skills:
 + Level 5.5 Fighting
 + Level 7.5 Axes
 + Level 0.2 Throwing
 + Level 5.2 Armour
 + Level 1.2 Dodging
 + Level 0.2 Stealth
 + Level 4.6 Shields


You had 6 spell levels left.
You didn't know any spells.
Your spell library contained the following spells:

 Spells                   Type           Power      Damage    Failure   Level
 Slow                     Hex            0%         N/A       50%         1
 Confusing Touch          Hex            0%         N/A       86%         3
 Dazzling Flash           Conj/Hex       0%         N/A       86%         3
 Mephitic Cloud           Conj/Alch/Air  0%         N/A       86%         3
 Sigil of Binding         Hex            0%         N/A       86%         3
 Vampiric Draining        Necr           0%         2d6       86%         3
 Curse of Agony           Necr           0%         N/A       100%        5
 Silence                  Hex/Air        0%         N/A       100%        5


Dungeon Overview and Level Annotations

Branches:
Dungeon (5/15)
 Temple: D:4-7

Altars:
Cheibriados


Message History

You block the gnoll's attack. You block the gnoll's attack.
You slash the gnoll!
You kill the gnoll!
The gnoll hits you from afar with a +0 spear!
Items here: )))).
The gnoll bouda barks out a call to the hunt!
The gnoll picks up the pace!
You block the gnoll bouda's attack.
You barely miss the gnoll bouda. You block the gnoll's attack.
The gnoll bouda completely misses you.
You closely miss the gnoll bouda.
The gnoll hits you from afar with a +0 spear!
The gnoll bouda gazes fiercely through you!
You feel your attacks grow feeble. The gnoll bouda completely misses you.
The gnoll hits you from afar with a +0 spear.
You hit the gnoll bouda.
The gnoll bouda is lightly wounded.
You block the gnoll bouda's attack.
The gnoll hits you from afar with a +0 spear.
You barely miss the gnoll bouda.
The gnoll bouda is lightly wounded.
The gnoll bouda hits you with a +1 whip of electrocution!
The gnoll closely misses you.
The gnoll bouda hits you but does no damage.
You hit the gnoll bouda.
The gnoll bouda is moderately wounded.
The gnoll hits you but does no damage.
The gnoll bouda hits you with a +1 whip of electrocution!
* * * LOW HITPOINT WARNING * * *
You are electrocuted!
* * * LOW HITPOINT WARNING * * *
A red film seems to cover your vision as you go berserk!
You feel yourself moving faster!
You feel mighty!
Your attacks no longer feel as feeble.
The gnoll hits you from afar with a +0 spear.
* * * LOW HITPOINT WARNING * * *
The gnoll bouda hits you with a +1 whip of electrocution!
You die...

#...'.........'†
#.....
###.#.........##
#..... #.##.......##
#.....
###.###.....## #....
..#.# ##...## #....
#.#.# ##+## ...
#.#.# #.# #g###.#.#
#.#
#.g@....#####.######
#####.##............
#.##........####
#..........### #
####.........###
#.......#....
######..#####
#....... ######
#.######


You could see a gnoll bouda and a gnoll (swift).

Vanquished Creatures
  An ogre (D:4)
  A phantom (D:5)
  A scorpion (D:4)
  A bombardier beetle (D:5)
  A jelly (D:5)
  A hound (D:5)
  3 orc priests
  2 iguanas (D:5)
  Ijyb (D:4)
  2 orc wizards (D:4)
  8 adders
  7 gnolls
  A white imp (D:5)
  A ribbon worm (D:3)
  6 orcs
  5 bats
  11 endoplasms
  4 giant cockroaches
  4 hobgoblins
  3 jackals (D:2)
  A quokka (D:4)
  2 ball pythons
  5 frilled lizards
  6 goblins
  6 kobolds
  4 rats
88 creatures vanquished.

Notes
Turn   | Place    | Note
-------+----------+-------------------------------------------
     0 | D:1      | Logoto the Hill Orc Fighter began the quest for the Orb.
     0 | D:1      | Reached XP level 1. HP: 19/19 MP: 1/1
   118 | D:1      | Reached XP level 2. HP: 26/27 MP: 2/2
   326 | D:1      | Reached skill level 3 in Axes
   761 | D:2      | Reached XP level 3. HP: 30/33 MP: 3/3
   934 | D:2      | Reached skill level 4 in Axes
  1810 | D:3      | Reached XP level 4. HP: 40/40 MP: 4/4
  1913 | D:3      | Found a snail-covered altar of Cheibriados.
  2152 | D:3      | HP: 1/40 [orc priest/divine providence (11)]
  2157 | D:3      | Reached skill level 5 in Axes
  2157 | D:3      | Reached XP level 5. HP: 2/46 MP: 5/5
  2330 | D:3      | Found a faded altar of an unknown god.
  2491 | D:4      | Reached XP level 6. HP: 49/53 MP: 6/6
  2506 | D:4      | Noticed Ijyb
  2538 | D:4      | Killed Ijyb
  2539 | D:4      | Reached skill level 6 in Axes
  3052 | D:4      | Reached skill level 5 in Fighting
  3052 | D:4      | Reached skill level 1 in Dodging
  3052 | D:4      | Reached XP level 7. HP: 51/61 MP: 7/7
  3548 | D:5      | Entered Level 5 of the Dungeon
  3665 | D:5      | Reached skill level 5 in Armour
  3740 | D:5      | Identified the +2 leather armour "Kuigya Royha" {rF+ Dex+2}
  3805 | D:5      | Reached skill level 7 in Axes
  3980 | D:5      | Slain by a gnoll bouda

Illustrated notes

Levels and vault maps discovered:
D:1:      sevenhm_arrival_forest_fort_small_3, layout_loops_ring,
          nicolae_figureground_pulse
D:2:      cheibrodos_old_hovel, layout_loops_ring
D:3:      layout_loops_ring, nicolae_overflow_hidden_temple,
          basic_ecumenical_altar
D:4:      layout_gridville, uniq_ijyb
D:5:      layout_loops_corners, temple_hall

Skill      XL: |  1  2  3  4  5  6  7 |
---------------+----------------------+-----
Fighting       | 4 5 |  5.5
Axes           | 3 4 5 6 7 |  7.5
Armour         | 4 5 |  5.2
Shields        | 4 |  4.6
Dodging        | 1 |  1.2
Throwing       | |  0.2
Stealth        | |  0.2

Action                     |  1- 3 |  4- 6 |  7- 9 || total
---------------------------+-------+-------+-------++-------
  Melee: War axe           |   101 |   107 |    72 ||   280
  Throw: Dart              |       |     4 |       ||     4
    Use: Potion            |       |     3 |     1 ||     4
         Scroll            |       |       |     2 ||     2
 Armour: Scale mail        |    74 |    75 |     9 ||   158
         Leather armour    |       |       |    35 ||    35
  Dodge: Dodged            |    40 |    44 |    41 ||   125
  Block: Buckler           |    18 |    24 |    16 ||    58
